 Dungeon Crawl Stone Soup version 0.24.0-37-gcf1ca852f1 (webtiles) character file.

Game seed: 16926973498784298412, levelgen mode: deterministic

79 FishyPogo the Skirmisher (level 4, -3/55 HPs)
             Began as a Demonspawn Berserker on Nov 30, 2019.
             Was a Believer of Trog.
             Slain by Crazy Yiuf
             ... wielding a +2 quarterstaff of chaos
              (8 damage)
             ... while petrified by Crazy Yiuf
             ... on level 2 of the Dungeon.
             The game lasted 00:04:19 (1403 turns).

FishyPogo the Skirmisher (Demonspawn Berserker)     Turns: 1403, Time: 00:04:20

Health: -3/55      AC:  5    Str: 23    XL:     4   Next: 17%
Magic:  0/4        EV:  2    Int:  8    God:    Trog [**....]
Gold:   83         SH:  0    Dex: 13    Spells: 3/3 levels left

rFire    + . .     SeeInvis .   a - +0 falchion
rCold    . . .     Gourm    .   (no shield)
rNeg     + + +     Faith    .   j - +0 leather armour
rPois    ∞         Spirit   .   r - +0 helmet
rElec    .         Reflect  .   (no cloak)
rCorr    .         Harm     .   (no gloves)
MR       .....                  k - +0 pair of boots
Stlth    ..........             (no amulet)
HPRegen  0.18/turn              b - ring of poison resistance
MPRegen  0.09/turn              (no ring)

@: berserking (expiring), petrified, very slightly contaminated, invisible
A: hooves 1, fire resistance 1, powered by pain 1
a: Berserk, Trog's Hand, Renounce Religion


You were on level 2 of the Dungeon.
You worshipped Trog.
Trog was pleased with you.
You were near starving.

You visited 1 branch of the dungeon, and saw 2 of its levels.

You collected 83 gold pieces.

Inventory:

Hand Weapons
 a - a +0 falchion (weapon)
Missiles
 d - 185 stones (quivered)
 p - 6 boomerangs
Armour
 j - a +0 leather armour (worn)
 k - a +0 pair of boots (worn)
 r - a +0 helmet (worn)
Jewellery
 b - a ring of poison resistance (left hand)
Scrolls
 f - 2 scrolls of fear {unknown}
 g - 2 scrolls of identify {unknown}
 i - a scroll of enchant weapon {unknown}
 l - a scroll of teleportation {unknown}
 q - a scroll of noise {unknown}
Potions
 e - 2 potions of might {unknown}
 h - a potion of degeneration {unknown}
 n - a potion of curing {unknown}
 o - a potion of agility {unknown}
Comestibles
 c - 5 rations


   Skills:
 + Level 3.7 Fighting
 - Level 3.0 Long Blades
 * Level 0.0 Throwing
 + Level 2.6 Armour
 + Level 2.6 Dodging


You had 3 spell levels left.
You didn't know any spells.
Your spell library was empty.

Dungeon Overview and Level Annotations

Branches:
Dungeon (2/15)

Altars:
Sif Muna
Zin
The Shining One

Annotations:
D:2 Crazy Yiuf


Innate Abilities, Weirdness & Mutations

You have large cloven feet.
Your flesh is heat resistant. (rF+)
You sometimes gain a little power by taking damage.


Message History

You feel your power leaking away.
Crazy Yiuf hits you with a +2 quarterstaff of chaos!
* * * LOW HITPOINT WARNING * * *
Crazy Yiuf freezes you.
* * * LOW HITPOINT WARNING * * *
Crazy Yiuf hits you with a +2 quarterstaff of chaos.
* * * LOW HITPOINT WARNING * * *
You convulse.
* * * LOW HITPOINT WARNING * * *
Crazy Yiuf hits you with a +2 quarterstaff of chaos.
* * * LOW HITPOINT WARNING * * *
You fade into invisibility!
You are very lightly contaminated with residual magic.
Crazy Yiuf grits, "Proton Xom ladder!"
Crazy Yiuf hits you with a +2 quarterstaff of chaos.
* * * LOW HITPOINT WARNING * * *
Crazy Yiuf hits you with a +2 quarterstaff of chaos.
* * * LOW HITPOINT WARNING * * *
You are electrocuted!
You die...

##..#####.# #....# #.# ♣....♣ #.#
♣...♣♣ #.# ♣♣.♣♣ #.# ########
♣.♣♣ #.# # #......## ♣♣.♣ #.### #
####)......# ♣.♣♣ #...### ##
#..........# ♣♣@♣ #.#...#####.
#.)........# #g# #.###..##...
#..........# ... ######....#.
#..........# #...# #.....###.##
#.))##.##### #..)# #####..##.#.
#...##.###.# ##### #.####.##.#.
#..........# #..<##.##...
#..........###########.#.##..##..
.....................#.#.###.....


You could see Crazy Yiuf.

Vanquished Creatures
  Terence (D:2)
  An adder (D:2)
  An ooze (D:2)
  2 dart slugs (D:1)
  2 giant cockroaches
  3 goblins
  3 hobgoblins (D:2)
  3 jackals (D:1)
  5 bats
  6 frilled lizards
  8 kobolds
  6 rats
41 creatures vanquished.

Notes
Turn   | Place    | Note
-------+----------+-------------------------------------------
     0 | D:1      | FishyPogo the Demonspawn Berserker began the quest for the
                  | Orb.
     0 | D:1      | Reached XP level 1. HP: 18/18 MP: 1/1
   198 | D:1      | Gained mutation: Your flesh is heat resistant. (rF+)
                  | [demonic ancestry]
   198 | D:1      | Reached XP level 2. HP: 22/24 MP: 2/2
   790 | D:2      | Noticed Terence
   797 | D:2      | Reached ** piety under Trog
   803 | D:2      | Killed Terence
   803 | D:2      | Gained mutation: You have large cloven feet. [demonic
                  | ancestry]
   803 | D:2      | Reached XP level 3. HP: 29/29 MP: 3/3
   945 | D:2      | Gained mutation: You sometimes gain a little power by
                  | taking damage. [demonic ancestry]
   945 | D:2      | Reached XP level 4. HP: 22/37 MP: 4/4
  1022 | D:2      | Found a glowing silver altar of Zin.
  1072 | D:2      | Found a glowing golden altar of the Shining One.
  1126 | D:2      | Found a runed translucent door.
  1127 | D:2      | Noticed Crazy Yiuf
  1338 | D:2      | Found a shimmering blue altar of Sif Muna.
  1403 | D:2      | Slain by Crazy Yiuf

Levels and vault maps discovered:
D:1:      eino_arrival_cavern_e, layout_loops_ring
D:2:      layout_rooms, tso_metal_star, zin_treasury, lemuel_blue_sif_altar,
          minmay_small_reverse_x, uniq_terence, uniq_crazy_yiuf_cottage

Skill      XL: |  1  2 |
---------------+-------+-----
Armour         | 2 |  2.6
Dodging        | 2 |  2.6
Long Blades    | 3 |  3.0
Fighting       | |  3.7

Action                   |  1- 3 |  4- 6 || total
-------------------------+-------+-------++-------
Melee: Falchion          |    94 |    23 ||   117
Throw: Stone             |       |     1 ||     1
Invok: Berserk           |     2 |     1 ||     3
  Eat: Chunk             |     2 |     1 ||     3
Armor: Animal skin       |     2 |       ||     2
       Leather armour    |    27 |     4 ||    31
Dodge: Dodged            |    69 |    11 ||    80
       Rpst.: Falchion   |    31 |     2 ||    33
